 Dungeon Crawl Stone Soup version 0.31-a0-441-g867994e (webtiles) character file.

Game seed: 11829589728572321669

1227 H3cate the Covered (level 8, 0/51 (58) HPs)
             Began as a Gnoll Wanderer on Aug 1, 2023.
             Was an Initiate of Cheibriados.
             Killed from afar by Maggie (9 damage)
             ... with a bolt of fire
             ... on level 6 of the Dungeon on Aug 2, 2023.
             The game lasted 00:40:36 (5493 turns).

H3cate the Covered (Gnoll Wanderer)                 Turns: 5493, Time: 00:40:36

HP:   0/51 (58)     AC: 10    Str: 14    XL:     8   Next: 48%
MP:   17/17         EV: 10    Int: 12    God:    Cheibriados [......]
Gold: 241           SH:  5    Dex: 14    Spells: 18/19 levels left

rFire   + . .        x - +2 rapier (venom)
rCold   . . .        (no shield)
rNeg    . . .        b - +0 scale mail
rPois   .            m - +0 helmet
rElec   .            (no cloak)
rCorr   .            n - +0 pair of gloves
SInv    +            (no boots)
Will    .....        c - amulet of reflection
Stlth   +            l - ring of protection from cold
HPRegen 0.28/turn    v - ring of Efoleog {Fire SInv}
MPRegen 0.15/turn

%: reflection
@: mesmerised, heavily drained, very slow
A: fangs 1, strong nose, distributed training
a: Renounce Religion


You were on level 6 of the Dungeon.
You worshipped Cheibriados.
Cheibriados was noncommittal.
You visited 2 branches of the dungeon, and saw 7 of its levels.

You collected 241 gold pieces.

Inventory:

Hand Weapons
 a - a +2 quarterstaff
 f - a +0 short sword
 x - a +2 rapier of venom (weapon)
 y - a +0 sling
 D - a +1 rapier of draining
Missiles
 e - 14 poisoned darts
 j - 48 stones
 k - 4 boomerangs
 o - 3 throwing nets
Armour
 b - a +0 scale mail (worn)
 g - a +0 chain mail
 m - a +0 helmet (worn)
 n - a +0 pair of gloves (worn)
Jewellery
 c - an amulet of reflection (around neck)
 i - an amulet of magic regeneration
 l - a ring of protection from cold (left hand)
 r - an amulet of guardian spirit
 v - the ring of Efoleog (right hand) {Fire SInv}
   (You found it on level 3 of the Dungeon)

   [ring of fire]

   It enhances your fire magic.
   rF:        It protects you from fire.
   rC:        It makes you vulnerable to cold.
   SInv:      It lets you see invisible.
Wands
 A - a wand of mindburst (7)
 B - a wand of charming (3)
Scrolls
 d - a scroll of enchant weapon {unknown}
 h - 2 scrolls of revelation {unknown}
 q - 2 scrolls of teleportation
 w - a scroll of blinking {unknown}
 z - 3 scrolls of identify {unknown}
 C - a scroll of poison {unknown}
 E - a scroll of acquirement {unknown}
 F - a scroll of immolation {unknown}
Potions
 p - a potion of brilliance {unknown}
 s - 2 potions of might {unknown}
 t - a potion of degeneration {unknown}
 u - 2 potions of berserk rage {unknown}


   Skills:
 + Level 3.3 Fighting
 + Level 3.3 Short Blades
 + Level 3.3 Long Blades
 + Level 3.3 Axes
 + Level 3.3 Maces & Flails
 + Level 3.3 Polearms
 + Level 5.7 Staves
 + Level 3.3 Ranged Weapons
 + Level 3.3 Throwing
 + Level 7.4 Armour
 + Level 3.3 Dodging
 + Level 3.3 Stealth
 + Level 3.3 Shields
 + Level 3.3 Unarmed Combat
 + Level 6.1 Spellcasting
 + Level 2.7 Conjurations
 + Level 2.7 Hexes
 + Level 2.7 Summonings
 + Level 2.7 Necromancy
 + Level 2.7 Translocations
 + Level 2.7 Transmutations
 + Level 2.7 Fire Magic
 + Level 2.7 Ice Magic
 + Level 2.7 Air Magic
 + Level 6.1 Earth Magic
 + Level 2.7 Poison Magic
 + Level 3.7 Invocations
 + Level 3.3 Evocations
 + Level 2.7 Shapeshifting


You had 18 spell levels left.
You knew the following spells:

 Your Spells              Type           Power      Damage    Failure   Level
a - Sandblast             Erth           36%        2d10      4%          1

Your spell library contained the following spells:

 Spells                   Type           Power      Damage    Failure   Level
 Shock                    Conj/Air       40%        1d5       21%         1
 Lesser Beckoning         Tloc           20%        N/A       30%         2
 Stone Arrow              Conj/Erth      28%        3d8       30%         3
 Gell's Gravitas          Tloc           10%        N/A       52%         3
 Teleport Other           Tloc           10%        N/A       52%         3


Dungeon Overview and Level Annotations

Branches:
Dungeon (6/15)             Temple (1/1) D:5

Altars:
Ashenzari
Cheibriados
Dithmenos
Fedhas
Gozag
Hepliaklqana
Kikubaaqudgha
Makhleb
Ru
Trog
Xom
Zin

Shops:
D:5 (=

Annotations:
D:3 1 runed translucent door, Crazy Yiuf
D:6 Maggie


Innate Abilities, Weirdness & Mutations

You have very sharp teeth.
Your uncanny sense of smell can sniff out nearby items.
Your experience applies equally to all skills.


Message History

Maggie is lightly wounded.
Maggie closely misses you.
You barely miss Maggie. You bite Maggie, but do no damage.
Maggie is lightly wounded.
Maggie casts a spell at you. The bolt of fire hits you. You resist.
You completely miss Maggie.
Maggie is lightly wounded.
Maggie points at you and mumbles some strange words.
The bolt of fire hits you! You resist.
You hit Maggie but do no damage.
Maggie looks as sick as possible!
Maggie is lightly wounded.
Maggie zaps a wand.
The puff of flame hits you but does no damage.
You hit Maggie but do no damage.
Maggie looks as sick as possible!
Maggie is lightly wounded.
Maggie barely misses you.
You hit Maggie but do no damage. You bite Maggie, but do no damage.
Maggie is lightly wounded.
Maggie hits you with a +0 halberd of draining!
* * * LOW HITPOINT WARNING * * *
You feel drained.
* * * LOW HITPOINT WARNING * * *
Maggie hits you but does no damage.
You feel drained.
Keep disrobing? [Y]es or [N]o only, please.
Keep disrobing?
You start removing your amulet.
You continue taking off your amulet of reflection.
Maggie misses you.
You continue taking off your amulet of reflection.
Maggie hits you with a +0 halberd of draining.
* * * LOW HITPOINT WARNING * * *
You feel drained.
You continue taking off your amulet of reflection.
Maggie barely misses you.
You continue taking off your amulet of reflection.
Maggie casts a spell at you. The bolt of fire hits you! You resist.
You die...

## .. .# # .# ..
###.##..# #.†....#
##########....#..#
#.........@@#.#
#.########....#
#.# #.#### #.# #.#
#.# #.# #.# ..#
#.# ### #.# #.#


You could see Maggie (mesmerising, very poisoned).

Vanquished Creatures
  Eustachio (D:5)
  A sky beast (D:6)
  Pargi (D:3)
  A black bear (D:6)
  A phantom (D:5)
  2 bullfrogs (D:6)
  A centaur zombie (D:3)
  An orc priest (D:4)
  A jelly (D:5)
  3 hounds
  Natasha (thrice) (D:4)
  Ijyb (D:3)
  2 orc wizards
  3 gnolls (D:2)
  11 adders
  A shadow imp (D:5)
  An ufetubus (D:5)
  An adder zombie (D:3)
  2 adder skeletons (D:3)
  2 dart slugs
  11 orcs
  4 ball pythons
  2 endoplasms (D:2)
  A giant cockroach (D:1)
  9 goblins
  16 hobgoblins
  8 jackals
  9 kobolds
  4 quokkas
  A ball python skeleton (D:3)
  6 bats
  A frilled lizard (D:3)
  13 rats
125 creatures vanquished.

Notes
Turn   | Place    | Note
-------+----------+-------------------------------------------
     0 | D:1      | H3cate the Gnoll Wanderer began the quest for the Orb.
     0 | D:1      | H3cate set off with the following items: a +2 quarterstaff,
                  | a +0 scale mail, a scroll of fear; and the following spell
                  | memorised: Sandblast; and the following spells available to
                  | memorise: Stone Arrow.
     0 | D:1      | Reached XP level 1. HP: 13/13 MP: 6/6
   289 | D:1      | Reached XP level 2. HP: 19/19 MP: 7/7
  1240 | D:2      | Reached skill level 5 in Spellcasting
  1240 | D:2      | Reached XP level 3. HP: 19/25 MP: 7/9
  1344 | D:2      | Reached skill level 1 in Invocations
  1497 | D:2      | Reached skill level 1 in Fighting
  1497 | D:2      | Reached skill level 1 in Short Blades
  1497 | D:2      | Reached skill level 1 in Long Blades
  1497 | D:2      | Reached skill level 1 in Axes
  1497 | D:2      | Reached skill level 1 in Maces & Flails
  1497 | D:2      | Reached skill level 1 in Polearms
  1497 | D:2      | Reached skill level 1 in Ranged Weapons
  1497 | D:2      | Reached skill level 1 in Throwing
  1497 | D:2      | Reached skill level 1 in Dodging
  1497 | D:2      | Reached skill level 1 in Stealth
  1497 | D:2      | Reached skill level 1 in Shields
  1497 | D:2      | Reached skill level 1 in Unarmed Combat
  1497 | D:2      | Reached skill level 1 in Evocations
  1601 | D:2      | Reached XP level 4. HP: 21/32 MP: 11/11
  1634 | D:2      | Reached skill level 1 in Conjurations
  1634 | D:2      | Reached skill level 1 in Hexes
  1634 | D:2      | Reached skill level 1 in Summonings
  1634 | D:2      | Reached skill level 1 in Necromancy
  1634 | D:2      | Reached skill level 1 in Translocations
  1634 | D:2      | Reached skill level 1 in Transmutations
  1634 | D:2      | Reached skill level 1 in Fire Magic
  1634 | D:2      | Reached skill level 1 in Ice Magic
  1634 | D:2      | Reached skill level 1 in Air Magic
  1634 | D:2      | Reached skill level 1 in Poison Magic
  1634 | D:2      | Reached skill level 1 in Shapeshifting
  1724 | D:2      | You fall into a shaft and drop 2 floors!
  1750 | D:4      | Found a bloodstained altar of Trog.
  1836 | D:4      | Reached XP level 5. HP: 30/37 MP: 12/12
  1836 | D:4      | Noticed Natasha
  2196 | D:3      | Identified the ring of Efoleog {Fire SInv}
  2558 | D:3      | Noticed Pargi
  2587 | D:3      | Killed Pargi
  2588 | D:3      | Reached skill level 5 in Staves
  2588 | D:3      | Reached XP level 6. HP: 7/44 MP: 14/14
  3049 | D:3      | Found a faded altar of an unknown god.
  3057 | D:3      | Got Plato's Omnibus of Gases
  3164 | D:3      | Found a runed translucent door.
  3165 | D:3      | Noticed Crazy Yiuf
  3291 | D:3      | Noticed Ijyb
  3346 | D:3      | Killed Ijyb
  3646 | D:4      | Killed Natasha
  3647 | D:4      | Reached XP level 7. HP: 50/50 MP: 15/15
  3653 | D:4      | Noticed Natasha
  3661 | D:4      | Killed Natasha
  3662 | D:4      | Reached skill level 7 in Armour
  3735 | D:4      | Noticed Natasha
  3760 | D:4      | Killed Natasha
  3847 | D:3      | Upgraded the game from 0.31-a0-440-gffbd993 to
                  | 0.31-a0-441-g867994e
  4039 | D:5      | Entered Level 5 of the Dungeon
  4216 | D:5      | Found Ivupo's Antique Weapon Boutique.
  4337 | D:5      | Found a staircase to the Ecumenical Temple.
  4343 | D:5      | Noticed Eustachio
  4373 | D:5      | Killed Eustachio
  4585 | D:5      | Reached XP level 8. HP: 30/58 MP: 16/16
  4854 | D:5      | Found Kom Zija's Jewellery Shop.
  5239 | Temple   | Found a transporter.
  5239 | Temple   | Found a transporter.
  5239 | Temple   | Found a transporter.
  5239 | Temple   | Found a transporter.
  5239 | Temple   | Entered the Ecumenical Temple
  5356 | Temple   | Became a worshipper of Cheibriados the Contemplative
  5469 | D:6      | Noticed Maggie
  5493 | D:6      | Killed from afar by Maggie

Illustrated notes

Levels and vault maps discovered:
D:1:      denvon_arrival_waterhouse, layout_basic
D:2:      minmay_chambers_of_ones, layout_basic
D:3:      layout_loops_ring, serial_undead, serial_undead_c, serial_undead_f,
          serial_undead_d, serial_undead_b, shapermc_ecumenical_altar_rom_forum,
          minmay_pentomino_pile, uniq_ijyb, uniq_pargi, uniq_crazy_yiuf_cottage
D:4:      layout_rooms, mainiacjoe_overflow_chevrons, uniq_natasha
D:5:      layout_rooms, minmay_temple_entry_glassed_door, serial_shops,
          nicolae_stop_n_shop_1, interstate_on_off, kennysheep_diamond,
          uniq_eustachio
D:6:      layout_loops_ring, mainiacjoe_overflow_alcove_1,
          nicolae_overflow_hidden_temple, nicolae_qazlal_general_emergency,
          gammafunk_ghost_gnarly_gnolls, minmay_manual_mail, uniq_maggie
Temple:   hellmonk_temple_divided_pantheon

Skill      XL: |  1  2  3  4  5  6  7  8 |
---------------+-------------------------+-----
Spellcasting   | 5 6 |  6.1
Invocations    | 1 2 3 |  3.7
Fighting       | 1 2 3 |  3.3
Short Blades   | 1 2 3 |  3.3
Long Blades    | 1 2 3 |  3.3
Axes           | 1 2 3 |  3.3
Maces & Flails | 1 2 3 |  3.3
Polearms       | 1 2 3 |  3.3
Ranged Weapons | 1 2 3 |  3.3
Throwing       | 1 2 3 |  3.3
Dodging        | 1 2 3 |  3.3
Stealth        | 1 2 3 |  3.3
Shields        | 1 2 3 |  3.3
Unarmed Combat | 1 2 3 |  3.3
Evocations     | 1 2 3 |  3.3
Conjurations   | 1 2 |  2.7
Hexes          | 1 2 |  2.7
Summonings     | 1 2 |  2.7
Necromancy     | 1 2 |  2.7
Translocations | 1 2 |  2.7
Transmutations | 1 2 |  2.7
Fire Magic     | 1 2 |  2.7
Ice Magic      | 1 2 |  2.7
Air Magic      | 1 2 |  2.7
Poison Magic   | 1 2 |  2.7
Shapeshifting  | 1 2 |  2.7
Staves         | 5 |  5.7
Armour         | 7 |  7.4
Earth Magic    | 6 |  6.1

Action                     |  1- 3 |  4- 6 |  7- 9 || total
---------------------------+-------+-------+-------++-------
  Melee: Quarterstaff      |   102 |   234 |    95 ||   431
         Bite              |     6 |    17 |    25 ||    48
         Rapier            |       |       |    75 ||    75
         Punch             |       |       |     1 ||     1
   Fire: Sling             |       |     7 |    10 ||    17
   Cast: Sandblast         |       |     1 |       ||     1
  Evoke: Wand              |       |       |     2 ||     2
    Use: Scroll            |       |     2 |       ||     2
         Potion            |       |     1 |     1 ||     2
 Armour: Scale mail        |    45 |   155 |    84 ||   284
  Dodge: Dodged            |    46 |   125 |    93 ||   264
  Block: Other             |       |     8 |    42 ||    50

Table legend: (Time is in decaauts)
 A = Elapsed time spent in this place.
 B = Non-inter-level travel time spent in this place.
 C = Inter-level travel time spent in this place.
 D = Time resting spent in this place.
 E = Time spent auto-exploring this place.
 F = Levels seen in this place.
 G = Mean time per level.
                   A        B        C        D        E       F      G
               +--------+--------+--------+--------+--------+-----+--------+
         Total |   5564 |   5232 |    332 |    795 |   2376 |   7 |  794.9 |
       Dungeon |   5424 |   5092 |    332 |    795 |   2376 |   6 |  904.0 |
        Temple |    140 |    140 |      0 |      0 |      0 |   1 |  140.0 |
               +--------+--------+--------+--------+--------+-----+--------+

Top non-repeatable levels by time:
     D:1: 1236 daAuts
     D:3: 1224 daAuts
     D:2: 959 daAuts
     D:5: 930 daAuts
     D:4: 743 daAuts
     D:6: 329 daAuts
  Temple: 140 daAuts
